Map: [ESL] Gresvan

Players

Cure - Winner!

  • Race: Terran Terran

Armani

  • Race: Zerg Zerg

Event: IEM Katowice 2023

VOD

Have the link to the VOD?

Description

Time

  • Played on: Feb. 8, 2023, 6:19 a.m.
  • Length: 5:34

All games in this series

Show
View Real Time Build Order
Export as new Build Order

Cure Terran - Winner!

Build Orders: Command Center First (CC), Hellion Banshee 

Get SALT Encoding   

  12  0:00  SCV  
  13  0:12  SCV  
  14  0:16  Supply Depot  
  14  0:24  SCV  
  15  0:38  SCV  
  16  0:50  SCV  
  17  0:58  Command Center  
  17  1:02  SCV  
  18  1:11  Barracks  
  18  1:14  SCV  
  19  1:20  Refinery  
  19  1:26  SCV  
  19  1:28  Refinery  
  20  1:39  SCV  
  21  1:51  SCV  
  22  1:57  Marine  
  23  2:03  Orbital Command  
  23  2:08  Factory  
  23  2:11  Orbital Command  
  23  2:17  Barracks Reactor  
  23  2:28  SCV  
  25  2:37  SCV  
  25  2:40  SCV, Supply Depot  
  26  2:49  SCV  
  27  2:52  SCV, Starport  
  27  2:53  Marine, Hellion  
  31  3:01  SCV  
  31  3:05  SCV  
  33  3:13  SCV  
  33  3:17  SCV  
  33  3:19  Barracks Tech Lab  
  35  3:22  Hellion x2  
  35  3:23  Supply Depot  
  35  3:25  SCV  
  40  3:29  Viking, SCV  
  43  3:35  Supply Depot  
  43  3:37  SCV  
  43  3:39  Concussive Shells  
  43  3:40  Marauder  
  46  3:45  SCV, Hellion  
  46  3:47  Hellion  
  52  3:57  Supply Depot  
  52  3:59  Medivac  
  52  4:01  Marauder  
  52  4:02  Armory  
  55  4:08  Hellion  
  55  4:09  Hellion  
  59  4:13  SCV  
  59  4:14  SCV  
  61  4:20  Supply Depot  
  61  4:27  SCV x2  
  61  4:29  Hellion  
  61  4:30  Hellion  
  67  4:38  Supply Depot  
  67  4:39  SCV x2  
  67  4:41  Banshee  
  72  4:50  Hellion  
  72  4:51  Hellion  
  75  4:57  SCV, Command Center  
  75  4:58  SCV  
  75  5:10  SCV x2  
  75  5:12  Hellion  
  79  5:14  Refinery  
  79  5:15  Refinery  
Show
View Real Time Build Order
Export as new Build Order

Armani Zerg 

Build Orders: Hatch First 

Get SALT Encoding   

  12  0:00  Drone  
  13  0:12  Overlord  
  13  0:17  Drone  
  14  0:31  Drone x2  
  16  0:48  Hatchery  
  15  0:52  Drone  
  15  0:55  Drone  
  17  0:58  Drone  
  18  1:11  Extractor  
  17  1:12  Spawning Pool  
  17  1:16  Drone  
  17  1:20  Drone  
  18  1:27  Drone  
  19  1:38  Drone  
  20  1:49  Drone  
  21  1:59  Queen x2  
  21  2:00  Zergling x2  
  21  2:01  Zergling x2  
  27  2:10  Overlord  
  27  2:11  Drone  
  28  2:16  Metabolic Boost  
  28  2:30  Hatchery  
  28  2:31  Drone  
  28  2:32  Drone  
  28  2:36  Drone  
  30  2:41  Drone  
  31  2:45  Queen  
  33  2:51  Overlord  
  33  2:55  Drone  
  33  2:58  Drone x2  
  36  3:04  Overlord  
  36  3:11  Queen  
  38  3:14  Drone x3  
  38  3:17  Drone  
  38  3:19  Drone  
  43  3:24  Queen  
  45  3:27  Overlord  
  45  3:29  Drone  
  46  3:35  Drone  
  46  3:37  Drone  
  48  3:41  Drone x2  
  48  3:42  Queen  
  48  3:44  Drone  
  48  3:47  Drone  
  48  3:48  Drone  
  55  3:51  Overlord  
  55  3:54  Zergling x2  
  55  3:55  Zergling x4  
  58  3:58  Zergling x2  
  58  3:59  Zergling x2  
  60  4:04  Zergling x4  
  60  4:08  Overlord  
  62  4:11  Queen  
  62  4:15  Overlord  
  64  4:17  Drone x2  
  64  4:21  Overlord  
  66  4:27  Drone  
  66  4:29  Extractor, Evolution Chamber  
  66  4:30  Evolution Chamber  
  64  4:32  Drone x2  
  64  4:33  Drone  
  64  4:35  Drone x3  
  64  4:36  Drone  
  64  4:38  Drone  
  72  4:41  Overlord  
  72  4:42  Drone  
  74  4:45  Zergling x4  
  75  4:56  Zergling x10  
  75  4:57  Spore Crawler x2  
  79  5:11  Zergling x12  
  69  5:14  Zergling x2  

Tags
 
Add a new tag
Caveats
  • Supply blocks, unpowered buildings, or Contaminate may cause inaccurate times.
  • Supply counts are checked every 10 seconds.